 Dungeon Crawl Stone Soup version 0.27.1-37-g7b29ead8ac (webtiles) character file.

Game seed: 7653006391507021470

127716 sahdkjhfkaj the Peltast (level 17, -2/148 HPs)
             Began as a Hill Orc Fighter on Mar 3, 2023.
             Was the Champion of Makhleb.
             Slain by a naga warrior (31 damage)
             ... on level 1 of the Snake Pit.
             The game lasted 01:02:51 (36920 turns).

sahdkjhfkaj the Peltast (Hill Orc Fighter)         Turns: 36920, Time: 01:02:51

Health: -2/148     AC: 24    Str: 23    XL:     17   Next: 1%
Magic:  24/24      EV:  4    Int:  8    God:    Makhleb [******]
Gold:   1198       SH: 29    Dex:  8    Spells: 16/16 levels left

rFire    + + +     SeeInvis .   a - +0 broad axe
rCold    + + +     Faith    .   q - +2 tower shield {rC+}
rNeg     + . .     Spirit   .   p - +9 chain mail of Spring Thaw {rElec rF++ Will+}
rPois    +         Reflect  +   b - -2 hat of the Alchemist {rElec rPois rF+ rC+ rN+ Will+ rMut rCorr}
rElec    +         Harm     .   Q - +1 cloak
rCorr    +         Rampage  .   T - +0 pair of gloves "Jiunonei" {rF++ rC+++ Str-3 Stlth+}
rMut     +                      i - +0 pair of boots
Will     +++..                  v - amulet of reflection
Stlth    ..........             M - +4 ring of slaying
HPRegen  0.34/turn              (no ring)
MPRegen  0.19/turn

@: about to teleport, constricted
A: clumsy 1
a: Renounce Religion, Minor Destruction, Lesser Servant of Makhleb, Major
Destruction, Greater Servant of Makhleb


You were on level 1 of the Snake Pit.
You worshipped Makhleb.
Makhleb was exalted by your worship.
You visited 5 branches of the dungeon, and saw 25 of its levels.
You also visited: Ossuary, Gauntlet and Ice Cave.

You collected 3069 gold pieces.
You spent 1871 gold pieces at shops.

Inventory:

Hand Weapons
 a - a +0 broad axe (weapon)
Missiles
 L - 4 throwing nets (quivered) {!f}
Armour
 b - the -2 hat of the Alchemist (worn) {rElec rPois rF+ rC+ rN+ Will+ rMut rCorr}
   (You found it on level 2 of the Orcish Mines)

   rF:        It protects you from fire.
   rC:        It protects you from cold.
   rElec:     It insulates you from electricity.
   rPois:     It protects you from poison.
   rN:        It protects you from negative energy.
   rCorr:     It protects you from acid and corrosion.
   rMut:      It protects you from mutation.
   Will:      It increases your willpower.
 i - a +0 pair of boots (worn)
 p - the +9 chain mail of Spring Thaw (worn) {rElec rF++ Will+}
   (You bought it in a shop on level 1 of the Orcish Mines)

   rF:        It greatly protects you from fire.
   rElec:     It insulates you from electricity.
   Will:      It increases your willpower.
 q - a +2 tower shield of cold resistance (worn)
 Q - a +1 cloak (worn)
 T - the +0 pair of gloves "Jiunonei" (worn) {rF++ rC+++ Str-3 Stlth+}
   (You found it in a Gauntlet)

   Str:       It affects your strength (-3).
   rF:        It greatly protects you from fire.
   rC:        It renders you almost immune to cold.
   Stlth:     It makes you more stealthy.
Jewellery
 u - a ring of positive energy
 v - an amulet of reflection (around neck)
 y - a +4 ring of evasion
 M - a +4 ring of slaying (left hand)
 Y - the ring of Imuliag {rF- Will+ Str+6 Int+3 Dex+3}
   (You acquired it on level 11 of the Dungeon)

   [ring of willpower]

   Str:       It affects your strength (+6).
   Int:       It affects your intelligence (+3).
   Dex:       It affects your dexterity (+3).
   rF:        It makes you vulnerable to fire.
   Will:      It increases your willpower.
Wands
 r - a wand of flame (69)
 s - a wand of iceblast (8)
 A - a wand of mindburst (17)
 R - a wand of polymorph (17)
 U - a wand of charming (25)
 V - a wand of paralysis (10)
 X - a wand of acid (4)
Scrolls
 c - 3 scrolls of fog {!r}
 f - 3 scrolls of magic mapping {!r}
 g - 2 scrolls of summoning {!r}
 h - a scroll of teleportation {!r}
 k - 2 scrolls of silence {!r}
 m - 6 scrolls of immolation {!r}
 n - 6 scrolls of enchant armour {!r}
 o - 8 scrolls of enchant weapon {!r}
 t - 2 scrolls of fear {!r}
 H - 5 scrolls of vulnerability {!r}
 I - 3 scrolls of noise {!r}
 J - 3 scrolls of holy word {!r}
 K - 20 scrolls of identify {!r}
Potions
 d - 4 potions of flight {!q}
 e - 10 potions of haste {!q}
 j - 3 potions of resistance {!q}
 l - 3 potions of cancellation {!q}
 w - 4 potions of magic {!q}
 x - 2 potions of heal wounds {!q}
 z - 11 potions of curing {!q}
 B - a potion of ambrosia {!q}
 C - 3 potions of attraction {!q}
 D - 6 potions of lignification {!q}
 E - 3 potions of berserk rage {!q}
 F - a potion of invisibility {!q}
 N - 3 potions of mutation {!q}
 P - 3 potions of might {!q}
Miscellaneous
 O - a phantom mirror


   Skills:
 + Level 12.4 Fighting
 - Level 18.0 Axes
 + Level 11.4 Armour
 * Level 19.4 Shields
 - Level 10.0 Invocations
 - Level 10.0 Evocations


You had 16 spell levels left.
You didn't know any spells.
Your spell library contained the following spells:

 Spells                   Type           Power      Damage    Failure   Level
 Freeze                   Ice            0%         1d3       99%         1
 Magic Dart               Conj           0%         1d3       99%         1
 Shock                    Conj/Air       0%         1d3       99%         1
 Call Imp                 Summ           0%         N/A       100%        2
 Searing Ray              Conj           0%         3d3       100%        2
 Slow                     Hex            0%         N/A       100%        2
 Static Discharge         Conj/Air       0%         N/A       100%        2
 Call Canine Familiar     Summ           0%         N/A       100%        3
 Confusing Touch          Hex            0%         N/A       100%        3
 Frozen Ramparts          Ice            0%         1d2       100%        3
 Mephitic Cloud           Conj/Pois/Air  0%         N/A       100%        3
 Ozocubu's Armour         Ice            0%         N/A       100%        3
 Portal Projectile        Hex/Tloc       0%         N/A       100%        3
 Swiftness                Air            0%         N/A       100%        3
 Vampiric Draining        Necr           0%         2d6       100%        3
 Airstrike                Air            0%         N/A       100%        4
 Fulminant Prism          Conj/Hex       0%         3d6       100%        4
 Hailstorm                Conj/Ice       0%         3d3       100%        4
 Leda's Liquefaction      Hex/Erth       0%         N/A       100%        4
 Summon Lightning Spire   Summ/Air       0%         N/A       100%        4
 Fireball                 Conj/Fire      0%         3d3       100%        5
 Iskenderun's Battlesphe  Conj           0%         2d6       100%        5
 Lightning Bolt           Conj/Air       0%         1d11      100%        5
 Conjure Ball Lightning   Conj/Air       0%         3x3d6     100%        6
 Orb of Destruction       Conj           0%         N/A       100%        7
 Ozocubu's Refrigeration  Ice            0%         4d5       100%        7
 Storm Form               Tmut/Air       0%         N/A       100%        7
 Maxwell's Capacitive Co  Air            0%         ∞         100%        8


Dungeon Overview and Level Annotations

Branches:
Dungeon (15/15)            Temple (1/1) D:6            Lair (6/6) D:8
  Swamp (0/4) Lair:4        Snake (1/4) Lair:4        Slime (0/5) Lair:5
    Orc (2/2) D:11            Elf (0/3) Orc:2        Vaults (0/5) D:14
 Depths (0/5) D:15        Ossuary (visited)           IceCv (visited)
Gauntlet (visited)

Altars:
Ashenzari
Cheibriados
Dithmenos
Elyvilon
Fedhas
Gozag
Hepliaklqana
Kikubaaqudgha
Makhleb
Nemelex Xobeh
Okawaru
Qazlal
Ru
Sif Muna
Trog
Uskayaw
Vehumet
Wu Jian
Xom
Yredelemnul
Zin
The Shining One

Shops:
D:1 *   D:10 *(?[   D:12 *   Orc:1 [   Orc:2 !?*[

Annotations:
D:10 2 runed translucent doors
D:14 3 runed translucent doors, Wociock's ghost, journeyman DgWz


Innate Abilities, Weirdness & Mutations

You are clumsy. (Dex -2)


Message History

You hit the naga warrior.
The naga warrior is heavily wounded.
You hit the naga warrior.
You hit the naga warrior but do no damage.
You feel sick.
The naga warrior hits you with a +0 hand axe!
* * * LOW HITPOINT WARNING * * *
Unknown command.
Unknown command.
Unknown command.
Unknown command.
Unknown command.
Unknown command.
Unknown command.
Unknown command.
Unknown command.
Unknown command.
Unknown command.
Unknown command.
Unknown command.
Unknown command.
You slash the naga warrior!
The naga warrior is almost dead.
You slice the naga warrior!! You barely miss the naga warrior.
You feel sick.
The naga warrior hits you with a +0 flail!
* * * LOW HITPOINT WARNING * * *
The naga warrior constricts you.
The naga warrior roars a battlecry!
The nagas go into a battle-frenzy!
You block the naga warrior's attack.
Unknown command.
Unknown command.
Unknown command.
Unknown command.
Okay, then.
Unknown command.
Really quaff
z - 12 potions of curing {!q}?
You feel better.
The naga warrior hits you with a +0 flail!!
You die...

#######.........##............#.
##.##.....##..............
#......#.##..............
##..........###.#.#.####..
###...##....#.##..#.#.# ##.
#.....##......##.##.#.# ##
#..........N.).#.#....######
#....)#####N#...............
##........##@N#...#.#########
#####......##.###N#.....###
.....S.....##.S...#.......#
........#########.).......#######
......### ###........#......
....#.# ##..........#......
....#.## ###..#...............
....#..# #....................
######.######.##..........#......


You could see 3 naga warriors and a naga (strong).

Vanquished Creatures
  Jorgrun (Orc:2)
  Aizul (Snake:1)
  Nessos (D:15)
  Azrael (Orc:2)
  A minotaur (Gauntlet)
  An ettin (Orc:2)
  Josephine (D:11)
  2 naga warriors (Snake:1)
  8 hydras
  An ice dragon (D:15)
  A vault guard (D:14)
  2 ironbound frosthearts (IceCv)
  A merfolk avatar (Lair:6)
  Erolcha (Orc:2)
  A catoblepas (D:14)
  2 ogre magi (Orc:2)
  3 centaur warriors
  2 anacondas
  2 tengu warriors (D:14)
  8 death yaks
  14 two-headed ogres
  A naga sharpshooter (Snake:1)
  Sonja (Lair:1)
  3 shock serpents (Lair:4)
  Urug (D:11)
  Nergalle (D:11)
  A fire crab (Gauntlet)
  5 skeletal warriors
  2 sea snakes (Lair:6)
  A naga ritualist (Snake:1)
  2 large abominations (Gauntlet)
  A lindwurm (Lair:6)
  A harpy (Lair:6)
  A necromancer (D:14)
  An orb spider (shapeshifter) (D:14)
  An orc knight (D:11)
  2 deep elf pyromancers
  3 orc sorcerers
  2 deep elf zephyrmancers (Orc:2)
  The ghost of DemonSlayer the Thaumaturge, a novice DECj of Sif Muna (D:5)
  A will-o-the-wisp (Lair:4)
  6 ugly things
  6 cyclopes
  A salamander (Snake:1)
  3 manticores
  A mana viper (Snake:1)
  20 elephants
  A naga mage (Snake:1)
  17 black mambas
  An ice statue (IceCv)
  12 cane toads
  An efreet (D:15)
  A gargoyle (D:8)
  A freezing wraith (D:14)
  2 unseen horrors
  11 komodo dragons
  3 yaktaurs (D:14)
  2 rime drakes (IceCv)
  A yaktaur (shapeshifter) (D:10)
  A jumping spider (Lair:1)
  7 trolls
  18 blink frogs
  9 polar bears
  A raiju (Gauntlet)
  2 dream sheep (Lair:6)
  A snapping turtle (Lair:6)
  A slime creature (D:8)
  A centaur simulacrum (D:15)
  A shadow (D:12)
  6 wraiths
  Sigmund (D:3)
  2 fire elementals (Orc:2)
  65 yaks
  2 vampires (D:13)
  19 humans (D:14)
  3 wyverns
  2 basilisks
  5 fire bats (Gauntlet)
  12 vampire mosquitoes
  6 steam dragons
  A redback simulacrum (D:15)
  A warg (Orc:1)
  An acid dragon (D:12)
  5 nagas (Snake:1)
  3 hell hounds
  17 water moccasins
  Duvessa (D:4)
  An ice beast (D:7)
  A swamp drake (Orc:2)
  A black bear (D:5)
  25 orc warriors
  A sky beast (D:6)
  27 ogres
  13 centaurs
  16 wolves
  2 phantoms
  An elf zombie (Ossuary)
  3 kobold brigands
  10 bullfrogs
  A gnoll sergeant (D:10)
  Dowan (D:3)
  A wyvern skeleton (D:5)
  2 water moccasin skeletons (D:5)
  4 small abominations (Gauntlet)
  6 jellies
  3 wights (D:8)
  11 killer bees
  4 electric eels
  4 howler monkeys
  A crimson imp (Orc:2)
  A human zombie (D:7)
  2 hounds (D:4)
  A bullfrog zombie (D:6)
  3 centaur zombies
  An iron imp (Orc:2)
  11 orc priests
  2 centaur skeletons
  7 iguanas
  23 orc wizards
  12 hell rats
  A hound skeleton (D:4)
  3 mummies (Ossuary)
  12 gnolls
  8 adders
  3 shadow imps
  3 white imps
  5 dart slugs
  69 orcs
  4 bats
  23 endoplasms
  4 giant cockroaches
  12 goblins
  8 hobgoblins
  3 jackals (D:2)
  20 kobolds
  2 quokkas
  9 ball pythons
  3 frilled lizards
  3 goblin zombies (Ossuary)
  2 hobgoblin zombies (Ossuary)
  3 kobold zombies (Ossuary)
  2 rats
  A rat zombie (D:7)
776 creatures vanquished.

Vanquished Creatures (collateral kills)
  Saint Roka (Orc:2)
  A fire dragon (D:15)
  A hydra (D:15)
  2 ogre magi (Orc:2)
  7 two-headed ogres (Orc:2)
  An orc sorcerer (Orc:2)
  2 trolls (Orc:2)
  A tengu conjurer (D:15)
  2 orc warriors (Orc:2)
  6 ogres (Orc:2)
  2 orc wizards (Orc:2)
  6 orcs (Orc:2)
32 creatures vanquished.

Vanquished Creatures (others)
  A polar bear (IceCv)
  An orc priest (Orc:1)
  A white imp (Orc:2)
  2 orcs (D:8)
  A bush (D:6)
  14 foxfires (Lair:4)
  35 fungi
  66 plants
121 creatures vanquished.

Grand Total: 929 creatures vanquished

Notes
Turn   | Place    | Note
-------+----------+-------------------------------------------
     0 | D:1      | sahdkjhfkaj the Hill Orc Fighter began the quest for the
                  | Orb.
     0 | D:1      | Reached XP level 1. HP: 19/19 MP: 1/1
   123 | D:1      | Reached XP level 2. HP: 17/27 MP: 2/2
   369 | D:1      | Found Gibuv's Assorted Antiques.
   386 | D:1      | Reached XP level 3. HP: 33/33 MP: 3/3
   836 | D:2      | Reached skill level 4 in Shields
   852 | D:2      | Reached XP level 4. HP: 29/40 MP: 4/4
  1598 | D:3      | Noticed Sigmund
  1619 | D:3      | Killed Sigmund
  1620 | D:3      | Reached skill level 5 in Axes
  1620 | D:3      | Reached skill level 5 in Shields
  1620 | D:3      | Reached XP level 5. HP: 38/47 MP: 5/5
  1620 | D:3      | Reached XP level 6. HP: 43/53 MP: 6/6
  1738 | D:3      | Found a hide-covered altar of Uskayaw.
  1799 | D:3      | Found an iron altar of Okawaru.
  1814 | D:3      | Found a burning altar of Makhleb.
  1904 | D:3      | Became a worshipper of Makhleb the Destroyer
  2025 | D:3      | You fall into a shaft and drop 1 floor!
  2146 | D:4      | Noticed Duvessa
  2149 | D:4      | Noticed Dowan
  2382 | D:3      | HP: 1/53 [adder (4)]
  2700 | D:3      | Found a blossoming altar of Fedhas.
  2738 | D:4      | Found a shimmering altar of Xom.
  2760 | D:4      | Killed Duvessa
  2803 | D:3      | Killed Dowan
  2804 | D:3      | Reached skill level 5 in Fighting
  2804 | D:3      | Reached XP level 7. HP: 32/61 MP: 7/7
  3041 | D:4      | Reached skill level 1 in Evocations
  3198 | D:4      | HP: 1/61 [orc/boomerang (3)]
  4019 | D:5      | Entered Level 5 of the Dungeon
  4019 | D:5      | Noticed a yak
  4019 | D:5      | Noticed a yak
  4019 | D:5      | Noticed a yak
  4020 | D:5      | Noticed a yak
  4038 | D:5      | Killed a yak
  4039 | D:5      | Reached skill level 5 in Armour
  4039 | D:5      | Reached skill level 6 in Shields
  4291 | D:5      | Reached XP level 8. HP: 66/69 MP: 8/8
  4603 | D:5      | Killed a yak
  4604 | D:5      | Reached skill level 7 in Shields
  4609 | D:5      | Killed a yak
  4887 | D:5      | Killed a yak
  4888 | D:5      | Reached XP level 9. HP: 48/75 MP: 9/9
  5150 | D:5      | Noticed DemonSlayer's ghost (novice DECj)
  5151 | D:5      | Found a runed translucent gate.
  5151 | D:5      | Found a runed translucent gate.
  5151 | D:5      | Found a runed translucent gate.
  5460 | D:5      | Reached * piety under Makhleb
  5585 | D:5      | Killed DemonSlayer's ghost
  5586 | D:5      | Reached skill level 8 in Shields
  6302 | D:6      | Found a staircase to the Ecumenical Temple.
  6329 | Temple   | Entered the Ecumenical Temple
  7116 | D:6      | Reached skill level 10 in Axes
  7743 | D:7      | Reached XP level 10. HP: 82/86 MP: 10/10
  7761 | D:7      | Found a sand-covered staircase.
  7776 | Ossuary  | Entered an ossuary
  7837 | Ossuary  | Reached ** piety under Makhleb
  7876 | Ossuary  | Reached skill level 9 in Shields
  8732 | D:8      | Found a staircase to the Lair.
  8810 | D:8      | Found a stormy altar of Qazlal.
  9515 | D:8      | Found a white marble altar of Elyvilon.
  9636 | D:8      | Noticed a gargoyle
  9655 | D:8      | Killed a gargoyle
  9776 | D:8      | Reached skill level 5 in Evocations
  9830 | D:8      | Reached *** piety under Makhleb
 10138 | D:8      | Noticed a two-headed ogre
 10632 | D:8      | Found a bloodstained altar of Trog.
 10635 | D:8      | Found a glowing silver altar of Zin.
 10637 | D:8      | Found a radiant altar of Vehumet.
 11106 | D:9      | Reached skill level 10 in Shields
 11189 | D:9      | Reached XP level 11. HP: 79/95 MP: 11/11
 11634 | D:10     | Entered Level 10 of the Dungeon
 11814 | D:10     | Found Otoo's Assorted Antiques.
 11814 | D:10     | Noticed a two-headed ogre
 11816 | D:10     | Found a glowing golden altar of the Shining One.
 11826 | D:10     | Killed a two-headed ogre
 12108 | D:10     | Reached **** piety under Makhleb
 12362 | D:10     | Found Seicrytu's Magic Scroll Boutique.
 12422 | D:10     | Found Yniyck's Antique Armour Emporium.
 12443 | D:10     | Found a hazy altar of Hepliaklqana.
 12536 | D:10     | Noticed a manticore
 12546 | D:10     | Killed a manticore
 12555 | D:10     | Reached skill level 11 in Shields
 12555 | D:10     | Reached skill level 1 in Invocations
 12659 | D:10     | Noticed a two-headed ogre
 12671 | D:10     | Killed a two-headed ogre
 12874 | D:10     | Found a runed translucent door.
 12874 | D:10     | Found a runed translucent door.
 12874 | D:10     | Noticed a centaur warrior
 12874 | D:10     | Noticed a boulder beetle
 12874 | D:10     | Noticed a cyclops
 13060 | D:10     | Found Ynasmes's Weapon Emporium.
 13338 | D:11     | Noticed Urug
 13338 | D:11     | Noticed a two-headed ogre
 13446 | Lair:1   | Entered Level 1 of the Lair of Beasts
 13855 | Lair:1   | Noticed Sonja
 13857 | Lair:1   | Killed Sonja
 13918 | Lair:1   | Noticed a boulder beetle
 13949 | D:8      | Reached XP level 12. HP: 94/105 MP: 14/14
 14245 | Lair:1   | a boulder beetle changed into a jumping spider
 14360 | Lair:1   | Found a hide-covered altar of Uskayaw.
 14363 | Lair:1   | Found an ornate altar of the Wu Jian Council.
 14675 | Lair:1   | Identified the +8 great mace "Death Rattle" {vorpal, Fly
                  | rC+ Str-2 Dex+2}
 14914 | Lair:2   | Found a gate leading to a gauntlet.
 14987 | Gauntlet | Entered a Gauntlet
 14987 | Gauntlet | Noticed a death scarab
 14987 | Gauntlet | Found a transporter.
 14987 | Gauntlet | Found a transporter.
 14987 | Gauntlet | Found a transporter.
 14997 | Gauntlet | Found a transporter.
 15000 | Gauntlet | Found a transporter.
 15008 | Gauntlet | Found a transporter.
 15014 | Gauntlet | Found a transporter.
 15015 | Gauntlet | Found a runed translucent door.
 15015 | Gauntlet | Found a runed translucent door.
 15019 | Gauntlet | Found a transporter.
 15028 | Gauntlet | Noticed a dire elephant
 15037 | Gauntlet | Found a transporter.
 15043 | Gauntlet | Found a transporter.
 15045 | Gauntlet | Found a transporter.
 15055 | Gauntlet | Found a transporter.
 15288 | Gauntlet | Identified the +7 halberd "Wogrofis" {flame, rC- Str+2
                  | Dex+5 Stlth+}
 15435 | Gauntlet | Reached skill level 12 in Shields
 15803 | Gauntlet | Reached skill level 10 in Fighting
 15806 | Gauntlet | Identified the +0 pair of gloves "Jiunonei" {rF++ rC+++
                  | Str-3 Stlth+}
 16147 | Gauntlet | Noticed a minotaur
 16154 | Gauntlet | Killed a minotaur
 16155 | Gauntlet | Reached skill level 5 in Invocations
 16661 | Lair:2   | Noticed an eight-headed hydra
 16667 | Lair:2   | Killed an eight-headed hydra
 17005 | Lair:2   | Noticed a six-headed hydra
 17020 | Lair:2   | Killed an eight-headed hydra
 18233 | D:10     | Bought a scroll of acquirement for 728 gold pieces
 18233 | D:10     | Acquired 469 gold pieces
 18383 | Lair:3   | Noticed a six-headed hydra
 18415 | Lair:2   | Killed a six-headed hydra
 18721 | Lair:3   | Identified the amulet "Teis" {Reflect rF- Dex+3 SH+5}
 19137 | Lair:3   | Reached XP level 13. HP: 75/114 MP: 17/17
 19413 | Lair:2   | Reached skill level 13 in Shields
 19984 | Lair:3   | Reached skill level 15 in Axes
 20118 | Lair:3   | Reached skill level 10 in Armour
 20637 | Lair:4   | Found a staircase to the Snake Pit.
 21112 | Lair:4   | Found a staircase to the Swamp.
 21783 | Lair:5   | Found a staircase to the Slime Pits.
 21970 | Lair:5   | You fall into a shaft and drop 1 floor!
 21970 | Lair:6   | Entered Level 6 of the Lair of Beasts
 22088 | Lair:6   | Reached ***** piety under Makhleb
 22905 | Lair:6   | Reached skill level 14 in Shields
 22920 | Lair:6   | Reached XP level 14. HP: 83/124 MP: 20/20
 25118 | D:11     | Found a staircase to the Orcish Mines.
 25219 | D:11     | Killed Urug
 25433 | D:11     | Noticed Nergalle
 25470 | D:11     | Killed Nergalle
 25645 | D:11     | Noticed Josephine
 25654 | D:11     | Reached skill level 15 in Shields
 25678 | D:11     | Killed Josephine
 25695 | D:11     | Acquired the ring of Imuliag {rF- Will+ Str+6 Int+3 Dex+3}
 26459 | D:12     | Found Peres's General Store.
 26480 | D:12     | Found a frozen archway.
 26482 | D:12     | Found a flagged portal.
 26489 | IceCv    | Entered an ice cave
 26685 | IceCv    | Reached skill level 10 in Invocations
 26856 | IceCv    | Reached ****** piety under Makhleb
 27020 | IceCv    | Reached XP level 15. HP: 122/132 MP: 22/22
 27181 | IceCv    | HP: 3/132 [ironbound frostheart/creeping frost (23)]
 28026 | IceCv    | Found the +2 Maxwell's thermic engine {flame, freeze}
 28052 | IceCv    | Identified the +9 chain mail of Ennui {rF- rCorr MP-9
                  | Dex+8}
 28350 | D:12     | HP: 4/125 [something (4)]
 31077 | D:14     | Found a runed translucent gate.
 31079 | D:14     | Found a runed translucent gate.
 31079 | D:14     | Found an ancient bone altar of Kikubaaqudgha.
 31079 | D:14     | Noticed a lich
 31079 | D:14     | Noticed a lich
 31079 | D:14     | Noticed a lich
 31080 | D:14     | Found a runed translucent gate.
 31080 | D:14     | Noticed a lich
 31080 | D:14     | Noticed Wociock's ghost (journeyman DgWz)
 31413 | D:14     | Found a gate to the Vaults.
 31427 | D:14     | Reached skill level 10 in Evocations
 32043 | D:15     | Entered Level 15 of the Dungeon
 32049 | D:15     | Reached skill level 16 in Shields
 32691 | D:15     | Found a staircase to the Depths.
 32789 | D:15     | Noticed Nessos
 32796 | D:15     | Killed Nessos
 32797 | D:15     | Reached XP level 16. HP: 139/139 MP: 14/23
 32998 | Orc:1    | Entered Level 1 of the Orcish Mines
 32998 | Orc:1    | Found Ykkyas's Armour Boutique.
 33014 | Orc:1    | Paralysed by an orc sorcerer for 5 turns
 33016 | Orc:1    | Gained mutation: You are clumsy. (Dex -2) [a neqoxec]
 33555 | Orc:1    | Reached skill level 17 in Shields
 33621 | Orc:1    | Bought the +9 chain mail of Spring Thaw {rElec rF++ Will+}
                  | for 866 gold pieces
 33680 | D:10     | Bought a scroll of enchant armour for 105 gold pieces
 33680 | D:10     | Bought a scroll of teleportation for 42 gold pieces
 34087 | Orc:2    | Entered Level 2 of the Orcish Mines
 34231 | Orc:2    | Noticed Azrael
 34257 | Orc:2    | Found Bixug's Magic Scroll Shop.
 34257 | Orc:2    | Found Ogelead's Armour Shoppe.
 34257 | Orc:2    | Found Lainles's Distillery.
 34257 | Orc:2    | Found Cakuseh's General Store.
 34258 | Orc:2    | Noticed Jorgrun
 34264 | Orc:2    | Noticed Saint Roka
 34266 | Orc:2    | Killed Jorgrun
 34314 | Orc:2    | Killed Saint Roka
 34325 | Orc:2    | Reached skill level 18 in Shields
 34567 | Orc:2    | Bought a potion of haste for 130 gold pieces
 34636 | Orc:2    | Killed Azrael
 34889 | Orc:2    | Noticed Erolcha
 34896 | Orc:2    | Killed Erolcha
 35001 | Orc:2    | Found a staircase to the Elven Halls.
 35092 | Orc:2    | Reached skill level 19 in Shields
 35111 | Orc:2    | Found the -2 hat of the Alchemist {rElec rPois rF+ rC+ rN+
                  | Will+ rMut rCorr}
 35117 | Orc:2    | Identified the +2 hat of Seax {rCorr SInv}
 35446 | Snake:1  | Entered Level 1 of the Snake Pit
 35711 | Snake:1  | Noticed Aizul
 35742 | Snake:1  | Killed Aizul
 36858 | Snake:1  | Reached XP level 17. HP: 148/148 MP: 24/24
 36920 | Snake:1  | Slain by a naga warrior

Illustrated notes

Levels and vault maps discovered:
D:1:      minmay_arrival_up_and_down, layout_rooms, serial_shops,
          nicolae_shop_overgrown_old_shop
D:2:      kennysheep_six_static_rooms, layout_rooms, nicolae_underground_beach
D:3:      layout_rooms, mainiacjoe_overflow_alcove_2, general_overflow_altar,
          mainiacjoe_overflow_swirl, uniq_sigmund
D:4:      minmay_skewed_foursquare, layout_cave_pools, xom_teletrap_fun,
          serial_column_ruins, column_ruins_open_tiny,
          column_ruins_columns_dead_end, column_ruins_grid_1,
          column_ruins_grid_2, column_ruins_grid_1, column_ruins_open_small,
          hangedman_decor_lopped, hex_large, uniq_duvessa
D:5:      layout_loops_ring, gammafunk_ghost_necromancy, grunt_tough_drop
D:6:      layout_loops_corners, minmay_temple_entry_hall,
          kb_lookout_dungeons_type, kennysheep_pointless_box
D:7:      layout_basic, enter_ossuary_3
D:8:      lemuel_slime, layout_basic, elyvilon_altar_3,
          nicolae_qazlal_scattered_showers, grunt_temple_overflow_diamond,
          lair_entry_dummy, minmay_misc_feat_plants
D:9:      wander_river, layout_loops_ring
D:10:     minmay_the_grid_four_pointed_star
          [minmay_the_grid_triangle_9x9_limited_checkers,
          minmay_the_grid_triangle_9x9_zippers_horizontal,
          minmay_the_grid_triangle_9x9_checkered,
          minmay_the_grid_triangle_9x9_tough_junction,
          minmay_the_grid_prize_big_room], layout_loops_ring,
          amcnicky_altar_gilded, mainiacjoe_overflow_paths, serial_shops,
          nicolae_shop_temple_entry_statues_fountains, shop,
          nicolae_square_shop, shop, serial_co_window_serial, co_window_paths_b,
          co_window_of_opportunity_a, co_window_corner_a, co_window_paths_a,
          co_window_corner_a, co_window_corner_cb, co_window_2corner,
          co_window_of_opportunity_b, co_window_unsneaky_path_c,
          glass_columns_b, glass_columns_a, glass_columns_b, glass_columns_b
D:11:     layout_cave_pods, orc_0_dummy, uniq_urug, uniq_josephine,
          uniq_nergalle
D:12:     layout_rooms, enter_bailey_5, portal_ice_cave_entry_pillars_2,
          serial_shops, shop_fountains
D:13:     layout_irregular_city
D:14:     layout_long_grid, grunt_vaults_entry_tiered, serial_park_tiny_1,
          gammafunk_ghost_crypt, drop_trap
D:15:     grunt_enter_depths_hoard, layout_cave_pools, uniq_nessos
Temple:   jpeg_temple_alley_garden
Lair:1:   layout_regular_city, st_stairs_10, nzn_masters_of_martial_movement,
          grunt_megastairs_3, uniq_sonja
Lair:2:   layout_layer_cave, enter_volcano_2, gauntlet_entry_generic
Lair:3:   layout_cave_pods, cheibrodos_lair_reptile_den
Lair:4:   layout_long_grid, minmay_swamp_entry_wisps,
          minmay_snake_entry_six_corridors, cheibrodos_lair_lostbears,
          serial_bayou_shore_a
Lair:5:   layout_cave_pods, slime_dummy
Lair:6:   gammafunk_lair_ancient_temple, layout_gridlike,
          minmay_shattered_shrine
Snake:1:  layout_rooms, statue_in_the_mist_lemuel, nicolae_snake_storage_room,
          uniq_aizul
Orc:1:    layout_caves, serial_shops, shop
Orc:2:    st_orc_ogre_mass, layout_diamond_mine, hangedman_minor_magic,
          uniq_jorgrun, uniq_erolcha, uniq_saint_roka, uniq_azrael

Skill      XL: |  1  2  3  4  5  6  7  8  9 10 11 12 13 14 15 16 |
---------------+-------------------------------------------------+-----
Axes           | 3 4 5 6 8 10 11 13 14 16 17 18 | 18.0
Shields        | 4 5 6 7 8 10 11 12 14 15 16 19 | 19.4
Fighting       | 4 5 6 7 8 9 10 11 12 | 12.4
Armour         | 4 5 6 7 8 9 10 11 | 11.4
Evocations     | 1 3 4 5 7 10 | 10.0
Invocations    | 3 6 8 10 | 10.0

Action                   |  1- 3 |  4- 6 |  7- 9 | 10-12 | 13-15 | 16-18 || total
-------------------------+-------+-------+-------+-------+-------+-------++-------
Melee: War axe           |    97 |   100 |   378 |   645 |  1338 |    11 ||  2569
       Broad axe         |       |       |       |       |       |   498 ||   498
Invok: Greater Servant o |       |       |       |       |       |     1 ||     1
Evoke: Wand              |       |     1 |       |    35 |    37 |    11 ||    84
       Phantom mirror    |       |       |       |       |     1 |     2 ||     3
  Use: Scroll            |       |     4 |     2 |    22 |    11 |     3 ||    42
       Potion            |       |     6 |       |     8 |     3 |     5 ||    22
 Stab: Paralysed         |       |       |       |       |     9 |       ||     9
Armor: Scale mail        |    66 |    12 |       |     1 |   244 |       ||   323
       Plate armour      |       |    85 |   198 |   226 |       |       ||   509
       Chain mail        |       |       |       |       |   112 |   130 ||   242
Dodge: Dodged            |    45 |    29 |    58 |   134 |   244 |    62 ||   572
Block: Kite shield       |    60 |    92 |   219 |   519 |   869 |       ||  1759
       Reflection        |       |       |       |    15 |    45 |    27 ||    87
       Tower shield      |       |       |       |       |   444 |   559 ||  1003
